 Dungeon Crawl Stone Soup version 0.23-a0-375-g66a18ee (webtiles) character file.

364258 Cryolive the Earth Mage (level 22, -1/138 HPs)
             Began as a Gargoyle Earth Elementalist on Oct 26, 2018.
             Was the Champion of Vehumet.
             Killed by the air
             ... invoked by Sojobo
              (22 damage)
             ... on level 2 of the Vaults on Oct 27, 2018.
             The game lasted 07:54:19 (82165 turns).

Cryolive the Earth Mage (GrEE)                     Turns: 82165, Time: 07:54:19

Health: -1/138     AC: 26    Str: 12    XL:     22   Next: 51%
Magic:  10/39      EV: 17    Int: 34    God:    Vehumet [******]
Gold:   3836       SH:  4    Dex: 10    Spells: 4/48 levels left

rFire    + . .     SeeInvis .   c - staff of fire
rCold    + . .     Gourm    +   t - +0 buckler
rNeg     + + +     Faith    .   o - +2 robe {MR+}
rPois    ∞         Spirit   .   g - +1 hat
rElec    +         Reflect  .   n - +0 cloak
rCorr    .         Harm     .   w - +0 pair of gloves
MR       ++++.                  K - +0 pair of boots
Stlth    ++........             I - amulet of the gourmand
HPRegen  0.33/turn              B - ring of the Mage {Wiz MR++ Int+3}
MPRegen  0.26/turn              V - ring "Etuofeq" {rC+ rN+++ Str-2 Int+7}

@: flying (expiring)
A: big wings, negative energy resistance 1, electricity resistance, unbreathing,
petrification resistance, rot immunity, AC +16
}: 2/15 runes: decaying, gossamer
a: Fly, Renounce Religion


You were on level 2 of the Vaults.
You worshipped Vehumet.
Vehumet was exalted by your worship.
You were full.

You visited 8 branches of the dungeon, and saw 38 of its levels.

You collected 4202 gold pieces.
You spent 366 gold pieces at shops.

Inventory:

Hand Weapons
 a - the +9 great sword of Uncomfortable Rashes {holy, rF++ rC+ Str+2}
   (You found it on level 2 of the Lair of Beasts)

   It has been blessed by the Shining One to cause great damage to the undead
   and demons.
   It affects your strength (+2).
   It greatly protects you from fire.
   It protects you from cold.
 s - the +10 great mace of the Bouncing Cities {holy, rF+, unknown}
   (You found it on level 1 of the Vaults)

   It has been blessed by the Shining One to cause great damage to the undead
   and demons.
   It protects you from fire.
 E - a +1 arbalest of freezing
 F - a +3 antimagic demon blade
 J - a +0 arbalest of freezing
 Q - a +4 great sword
Missiles
 b - 923 stones (quivered)
Armour
 g - a +1 hat (worn)
 n - a +0 cloak (worn)
 o - a +2 robe of magic resistance (worn)
 t - a +0 buckler (worn)
 w - a +0 pair of gloves (worn)
 K - a +0 pair of boots (worn)
 N - +0 fire dragon scales
 S - a +3 scale mail of fire resistance
Magical Staves
 c - an uncursed staff of fire (weapon)
 U - an uncursed staff of earth
Jewellery
 j - a +3 ring of dexterity {unknown}
 B - the ring of the Mage (left hand) {Wiz MR++ Int+3}
   (You found it on level 5 of the Dungeon)

   [ring of wizardry]

   It improves your spell success rate.
   It affects your intelligence (+3).
   It affects your resistance to hostile enchantments.
 I - an amulet of the gourmand (around neck)
 L - an uncursed ring of see invisible
 P - a +2 ring of evasion
 V - the ring "Etuofeq" (right hand) {rC+ rN+++ Str-2 Int+7}
   (You took it off an orc warrior on level 10 of the Dungeon)

   [ring of protection from cold]

   It affects your strength (-2).
   It affects your intelligence (+7).
   It protects you from cold.
   It renders you almost immune to negative energy.
 W - an uncursed ring of wizardry
Wands
 q - a wand of disintegration (43)
 r - a wand of scattershot (16)
 x - a wand of polymorph (103)
 O - a wand of digging (16)
 X - a wand of enslavement (31)
Scrolls
 f - 4 scrolls of identify
 h - 2 scrolls of enchant armour
 i - a scroll of remove curse
 l - 9 scrolls of fog
 m - 13 scrolls of teleportation
 u - 6 scrolls of magic mapping
 H - 3 scrolls of fear
 M - 3 scrolls of holy word
 T - a scroll of enchant weapon
Potions
 e - a potion of invisibility
 k - 12 potions of curing
 p - 3 potions of brilliance
 v - a potion of resistance
 z - a potion of magic
 A - a potion of might
 C - 2 potions of cancellation
 D - 2 potions of mutation
 G - 7 potions of haste
 R - 2 potions of agility {unknown}
Miscellaneous
 y - a box of beasts
Comestibles
 d - 46 rations
 Y - 2 chunks of flesh


   Skills:
 + Level 14.7 Fighting
 - Level 12.0 Staves
 - Level 6.0 Armour
 + Level 11.9 Dodging
 - Level 2.1 Stealth
 - Level 4.0 Shields
 + Level 13.7 Spellcasting
 + Level 15.7 Conjurations
 + Level 3.7 Charms
   Level 0.7 Transmutations
 * Level 15.0 Fire Magic
 + Level 17.3 Earth Magic
 * Level 13.9 Evocations


You had 4 spell levels left.
You knew the following spells:

 Your Spells              Type           Power        Failure   Level  Hunger
a - Iron Shot             Conj/Erth      #######...   1%          6    ###....
b - Lehudib's Crystal Sp  Conj/Erth      #######...   1%          8    ######.
c - Lee's Rapid Deconstr  Erth           #######...   1%          5    None
d - Bolt of Fire          Conj/Fire      ########..   1%          6    ###....
e - Fireball              Conj/Fire      ########..   1%          5    None
f - Conjure Flame         Conj/Fire      ########     0%          3    None
g - Sticky Flame          Conj/Fire      ########     1%          4    None
h - Ring of Flames        Chrm/Fire      #######...   13%         7    #####..

Your spell library contained the following spells:

 Spells                   Type           Power        Failure   Level  Hunger
 Fire Storm               Conj/Fire      ########..   32%         9    #######
 Glaciate                 Conj/Ice       ######....   99%         9    #######
 Flame Tongue             Conj/Fire      #####        0%          1    None
 Sandblast                Erth           ######       0%          1    None
 Searing Ray              Conj           ######       0%          2    None
 Throw Flame              Conj/Fire      ######       0%          2    None
 Stone Arrow              Conj/Erth      ######       0%          3    None
 Apportation              Tloc           ###...       1%          1    None
 Confusing Touch          Hex            ###...       1%          1    None
 Corona                   Hex            ###....      1%          1    None
 Shock                    Conj/Air       ####         1%          1    None
 Sting                    Conj/Pois      ####         1%          1    None
 Summon Butterflies       Summ           ###.....     1%          1    None
 Blink                    Tloc           N/A          1%          2    None
 Corpse Rot               Necr           N/A          1%          2    None
 Passwall                 Tmut/Erth      ######..     1%          2    None
 Poisonous Vapours        Pois/Air       ###...       1%          2    None
 Slow                     Hex            ###.....     1%          2    None
 Swiftness                Chrm/Air       #####...     1%          2    None
 Throw Frost              Conj/Ice       ######       1%          2    None
 Ignite Poison            Fire/Tmut/Pois ######..     1%          3    None
 Inner Flame              Hex/Fire       #######.     1%          3    None
 Mephitic Cloud           Conj/Pois/Air  ######..     1%          3    None
 Static Discharge         Conj/Air       ######..     1%          3    None
 Leda's Liquefaction      Hex/Erth       ######....   1%          4    None
 Petrify                  Tmut/Erth      ######..     1%          4    None
 Confuse                  Hex            ###.....     2%          3    None
 Gell's Gravitas          Tloc           ###.......   2%          3    None
 Lesser Beckoning         Tloc           ###.......   2%          3    None
 Portal Projectile        Hex/Tloc       ###...       2%          3    None
 Teleport Other           Tloc           ###.....     2%          3    None
 Tukima's Dance           Hex            ###.....     2%          3    None
 Airstrike                Air            ###.......   2%          4    None
 Olgreb's Toxic Radiance  Pois           ###.....     2%          4    None
 Animate Dead             Necr           N/A          8%          4    None
 Cause Fear               Hex            ###.......   8%          4    None
 Bolt of Magma            Conj/Fire/Erth ########..   1%          5    None
 Irradiate                Conj/Tmut      ######....   1%          5    None
 Lightning Bolt           Conj/Air       ######....   1%          5    None
 Venom Bolt               Conj/Pois      ######....   1%          5    None
 Ignition                 Fire           ########..   3%          8    ######.
 Yara's Violent Unravell  Hex/Tmut       ####......   5%          5    None
 Shatter                  Erth           #######...   16%         9    #######
 Alistair's Intoxication  Tmut/Pois      ####....     17%         5    None
 Metabolic Englaciation   Hex/Ice        ###.......   21%         5    None
 Summon Forest            Summ/Tloc      ###.......   21%         5    None
 Hydra Form               Tmut           ####......   61%         6    ###....
 Death Channel            Necr           ###.......   69%         6    ###....
 Invisibility             Hex            ###.....     69%         6    ###....
 Dragon Form              Tmut           ####......   98%         7    #####..
 Summon Hydra             Summ           ###.......   99%         7    #####..
 Disjunction              Tloc           ###.......   100%        8    ######.
 Sublimation of Blood     Necr           Unusable     N/A         2    N/A
 Statue Form              Tmut/Erth      Unusable     N/A         6    N/A

Dungeon Overview and Level Annotations

Branches:
Dungeon (15/15)            Temple (1/1) D:6            Lair (6/6) D:9
  Swamp (4/4) Lair:3       Spider (4/4) Lair:4        Slime (0/5) Lair:5
    Orc (2/2) D:12            Elf (3/3) Orc:2        Vaults (3/5) D:14
 Depths (0/5) D:15
  Crypt: Vaults:2-3

Altars:
Ashenzari
Cheibriados
Dithmenos
Elyvilon
Fedhas
Gozag
Hepliaklqana
Kikubaaqudgha
Makhleb
Nemelex Xobeh
Okawaru
Qazlal
Ru
Sif Muna
Trog
Uskayaw
Vehumet
Wu Jian
Xom
Yredelemnul
Zin
The Shining One
Beogh

Shops:
D:6 (   D:14 (   Orc:2 *(=[*   Elf:1 =

Annotations:
Swamp:1 exclusion: Roxanne, Roxanne
Vaults:2 Sojobo


Innate Abilities, Weirdness & Mutations

You are resistant to torment.
Your stone body is resilient. (AC +16)
You are immune to poison.
Your large and strong wings let you fly indefinitely.
You resist negative energy. (rN+)
You are resistant to electric shocks. (rElec)
You can survive without breathing.
You are immune to petrification.
You are immune to rotting.


Message History

The tengu reaver dies!
The battlesphere dissipates.
Sojobo hits you but does no damage. Sojobo pecks you but does no damage.
Sojobo closely misses you. The air elemental misses you.
You block the air elemental's attack.
Casting: Lehudib's Crystal Spear (safe; 1% risk of failure)
Confirm with . or Enter, or press ? or * to list all spells.
Aiming: Lehudib's Crystal Spear (safe; 1% risk of failure)
Press: ? - help, Shift-Dir - straight line, f/p - Sojobo
Aim: Sojobo, wielding a +0 great sword of electrocution and wearing a +2 ring Sojobo deflects the crystal spear!
You are engulfed in raging winds.
* * * LOW HITPOINT WARNING * * *
The winds around the air elemental start to calm down.
* * * LOW HITPOINT WARNING * * *
The winds around the air elemental start to calm down.
The air elemental completely misses you. x2
You block the air elemental's attack.
The air elemental completely misses you.
Sojobo waves her feathered arms in wide circles.
The air twists around and violently strikes you in flight!
You die...

#......# #......'.........
#......# #......##########
#......# #......# #......#
#......# #......# #......#
#......# #......#
#####''##########§###############
#...........§§§§E§§§§............
#.......)...§§§§@Q§§§............
#...........§§§§§E§§§§...........
#...........§§§§§§§§§§...........
#####'########§##################
#......# #.(.#...#...# ##..
#......# #.#>#.#.#.#.# #)..
#......# #..)#...#...# #...
#......# ###'#.#.#'### #...
#...<..# #...........# #...


You could see Sojobo and 2 air elementals.

Vanquished Creatures
  Mara (Vaults:3)
  Nikola (Swamp:1)
  Jorgrun (Swamp:1)
  Rupert (D:12)
  4 deep elf master archers (Elf:3)
  Asterion (Elf:1)
  Gastronok (Orc:1)
  Agnes (D:15)
  5 deep elf blademasters
  2 thorn hunters
  A tengu reaver (Vaults:2)
  Kirke (Spider:3)
  4 ghost moths
  7 deep elf sorcerers (Elf:3)
  3 vault wardens
  An orc warlord (Orc:1)
  A ghoul (D:15)
  Louise (D:15)
  5 emperor scorpions (Spider:4)
  5 deep elf elementalists (Elf:3)
  4 ironheart preservers
  Nessos (D:14)
  10 entropy weavers
  3 stone giants
  Azrael (Spider:3)
  11 deep elf annihilators
  4 deep elf demonologists
  A spark wasp (Spider:3)
  Snorg (D:11)
  An ettin (D:15)
  7 deep elf death magi (Elf:3)
  A crystal guardian (Vaults:3)
  A fire dragon (Vaults:2)
  Josephine (Lair:4)
  The ghost of BingusPrime the Covert, a journeyman OpAs of Dithmenos (Lair:2)
  2 great orbs of eyes
  4 rakshasas
  8 deep elf high priests (Elf:3)
  4 yaktaur captains
  27 hydras
  8 ogre magi
  4 ice dragons
  6 vault guards
  4 ghost crabs
  Erolcha (D:9)
  4 catoblepae (Lair:6)
  2 shambling mangroves
  12 centaur warriors
  24 two-headed ogres
  13 alligators
  34 dancing weapons
  2 death knights
  11 death yaks
  A tengu warrior (D:15)
  4 orc high priests (Orc:2)
  Urug (Lair:4)
  Nergalle (Lair:2)
  21 deep elf knights
  3 spriggan druids (Swamp:4)
  3 unseen horrors
  6 skeletal warriors
  A deep troll (D:15)
  8 swamp dragons
  23 deep elf archers
  2 ironbrand convokers
  3 wizards
  10 orc knights
  An orb spider (shapeshifter) (D:15)
  50 deep elf magi
  2 phantasmal warriors (D:12)
  8 lindwurms
  A harpy (shapeshifter) (Elf:1)
  6 orc sorcerers
  15 ugly things
  41 wolf spiders
  16 orb spiders
  8 cyclopes
  A shining eye (shapeshifter) (Elf:1)
  8 manticores
  9 elephants
  4 vault sentinels
  11 centaur zombies
  A gargoyle (D:12)
  3 black mambas
  16 spiny frogs
  A spiny frog (shapeshifter) (Vaults:3)
  An efreet (D:15)
  A kobold demonologist (D:12)
  5 freezing wraiths
  9 komodo dragons
  27 yaktaurs
  A komodo dragon (shapeshifter) (D:13)
  3 rime drakes
  10 trolls
  10 demonic crawlers
  A guardian mummy (D:15)
  3 meliai (Spider:4)
  2 polar bears
  40 jumping spiders
  13 tyrant leeches
  24 hornets
  6 bog bodies
  11 hippogriffs
  Grinder (D:3)
  9 blink frogs
  32 slime creatures
  2 shadows
  30 tarantellas
  14 spriggans
  A vampire (D:10)
  9 wraiths
  An air elemental (Elf:1)
  82 redbacks
  5 wyverns
  8 basilisks
  A hog (shapeshifter) (Vaults:2)
  4 hogs (Spider:3)
  6 fire elementals
  4 water elementals
  56 yaks
  A yak (shapeshifter) (Elf:1)
  15 humans (D:14)
  6 hungry ghosts
  A steam dragon (D:12)
  11 vampire mosquitoes
  5 wargs
  13 swamp worms
  20 insubstantial wisps
  3 acid dragons
  A soldier ant (shapeshifter) (Vaults:2)
  3 hell hounds
  4 ice beasts
  10 water moccasins
  11 porcupines
  A hornet zombie (D:15)
  12 swamp drakes
  44 orc warriors
  3 sky beasts
  3 black bears
  5 phantoms
  29 ogres
  A sky beast (shapeshifter) (Vaults:2)
  2 necrophages
  5 boggarts (Vaults:2)
  36 centaurs
  3 wolves (Lair:3)
  A big kobold (D:9)
  16 crocodiles
  18 bullfrogs
  A gnoll sergeant (D:7)
  5 scorpions
  A water moccasin skeleton (D:10)
  A wight (D:10)
  15 killer bees
  2 howler monkeys
  An electric eel (Lair:2)
  8 crimson imps
  2 bullfrog skeletons
  6 jellies
  25 orc priests
  6 hounds
  3 centaur skeletons
  Terence (D:2)
  Ijyb (D:3)
  5 iguanas
  Natasha (thrice) (D:2)
  39 orc wizards
  4 hell rats (Lair:1)
  6 worker ants
  2 hound zombies
  2 worker ant zombies
  Robin (D:3)
  8 gnolls
  15 adders
  21 river rats (Lair:1)
  4 shadow imps
  4 oozes
  2 adder skeletons
  4 worms
  2 dart slugs
  13 leopard geckos
  100 orcs
  A ball python (D:8)
  5 bats
  4 giant cockroaches
  2 gnoll zombies (D:3)
  12 goblins
  11 hobgoblins
  13 jackals
  9 quokkas
  A ball python skeleton (D:4)
  7 frilled lizards
  12 kobolds
  A leopard gecko skeleton (D:5)
  13 rats
  3 fungi
  5 plants
1681 creatures vanquished.

Vanquished Creatures (others)
  A tengu reaver (Vaults:2)
  An unseen horror (shapeshifter) (D:14)
  A lindwurm (Lair:5)
  A water elemental (Elf:1)
  A human (Spider:3)
  5 insubstantial wisps (Swamp:4)
  2 orcs (Orc:2)
  A bush (Lair:5)
  11 fungi
  38 plants
  2 withered plants (D:15)
64 creatures vanquished.

Grand Total: 1745 creatures vanquished

Notes
Turn   | Place    | Note
-------+----------+-------------------------------------------
     0 | D:1      | Cryolive the Gargoyle Earth Elementalist began the quest
                  | for the Orb.
     0 | D:1      | Reached XP level 1. HP: 10/10 MP: 3/3
   139 | D:1      | Reached XP level 2. HP: 4/15 MP: 0/5
   146 | D:1      | Reached skill level 4 in Earth Magic
  1338 | D:1      | Reached XP level 3. HP: 16/19 MP: 6/6
  1357 | D:1      | Learned a level 3 spell: Stone Arrow
  1446 | D:2      | Noticed Terence
  1491 | D:2      | Noticed Natasha
  1497 | D:2      | Killed Natasha
  1497 | D:2      | Reached skill level 1 in Conjurations
  1497 | D:2      | Reached XP level 4. HP: 6/24 MP: 3/8
  1965 | D:2      | Noticed Natasha
  1969 | D:2      | Killed Natasha
  2164 | D:2      | Reached skill level 5 in Earth Magic
  2183 | D:2      | Found a burning altar of Makhleb.
  2225 | D:2      | Reached XP level 5. HP: 24/28 MP: 4/9
  2230 | D:2      | Noticed a hand axe
  2231 | D:2      | Noticed a dagger
  2235 | D:2      | Found a hide-covered altar of Uskayaw.
  2467 | D:2      | Learned a level 5 spell: Lee's Rapid Deconstruction
  2501 | D:2      | Killed Terence
  2712 | D:2      | Noticed Natasha
  2727 | D:2      | Killed Natasha
  2927 | D:2      | Found a glowing golden altar of the Shining One.
  3070 | D:3      | Noticed Ijyb
  3086 | D:3      | Killed Ijyb
  3086 | D:3      | Reached XP level 6. HP: 25/32 MP: 0/11
  3147 | D:3      | Noticed Grinder
  3184 | D:3      | Paralysed by Grinder for 5 turns
  3193 | D:3      | Killed Grinder
  3193 | D:3      | Reached skill level 6 in Earth Magic
  3357 | D:3      | Found a shadowy altar of Dithmenos.
  3719 | D:3      | Noticed Robin
  3721 | D:3      | Killed Robin
  3828 | D:3      | Found a basalt altar of Yredelemnul.
  3935 | D:4      | Reached XP level 7. HP: 29/36 MP: 13/13
  4005 | D:4      | Found an opulent altar of Gozag.
  4021 | D:4      | Found a shattered altar of Ashenzari.
  4390 | D:4      | Found a radiant altar of Vehumet.
  4390 | D:4      | Found a bloodstained altar of Trog.
  4394 | D:4      | Became a worshipper of Vehumet
  4567 | D:5      | Entered Level 5 of the Dungeon
  4588 | D:5      | Found the ring of the Mage {Wiz MR++ Int+3}
  4832 | D:5      | Reached skill level 5 in Spellcasting
  4832 | D:5      | Reached skill level 7 in Earth Magic
  4885 | D:5      | Reached skill level 5 in Conjurations
  4885 | D:5      | Reached XP level 8. HP: 41/41 MP: 5/15
  4926 | D:5      | Found a sacrificial altar of Ru.
  5216 | D:6      | Found a staircase to the Ecumenical Temple.
  5407 | Temple   | Entered the Ecumenical Temple
  5951 | D:6      | Found Eghykler's Antique Weapon Boutique.
  6183 | D:6      | Reached * piety under Vehumet
  6183 | D:6      | Offered knowledge of Magic Dart by Vehumet.
  6513 | D:7      | Found a white marble altar of Elyvilon.
  6689 | D:6      | Reached skill level 8 in Earth Magic
  7368 | D:7      | Reached skill level 1 in Fighting
  7368 | D:7      | Reached skill level 1 in Armour
  7606 | D:8      | Reached skill level 1 in Staves
  7652 | D:8      | Reached XP level 9. HP: 46/47 MP: 18/18
  7870 | D:8      | Offered knowledge of Throw Flame by Vehumet.
  7952 | D:8      | Reached ** piety under Vehumet
  8285 | D:8      | Found a stormy altar of Qazlal.
  8902 | D:9      | Reached skill level 9 in Earth Magic
  9227 | D:9      | Noticed Erolcha
  9231 | D:9      | Killed Erolcha
  9231 | D:9      | Reached XP level 10. HP: 38/56 MP: 8/20
  9283 | D:9      | Offered knowledge of Conjure Flame by Vehumet.
  9375 | D:9      | Found a deep blue altar of Sif Muna.
  9550 | D:9      | Found a staircase to the Lair.
  9627 | D:9      | Reached *** piety under Vehumet
  9906 | D:10     | Entered Level 10 of the Dungeon
  9948 | D:10     | Noticed a manticore
 10048 | D:10     | Killed a manticore
 10225 | D:10     | Noticed a two-headed ogre
 10253 | D:10     | Offered knowledge of Mephitic Cloud by Vehumet.
 10254 | D:10     | Reached skill level 5 in Fighting
 10254 | D:10     | Killed a two-headed ogre
 10254 | D:10     | Reached skill level 5 in Armour
 10254 | D:10     | Reached skill level 10 in Earth Magic
 10254 | D:10     | Reached XP level 11. HP: 45/64 MP: 5/22
 10292 | D:10     | Killed an unseen horror
 10747 | D:10     | Noticed a cyclops
 10748 | D:10     | Reached skill level 5 in Staves
 10750 | D:10     | Killed a cyclops
 10750 | D:10     | Reached **** piety under Vehumet
 10750 | D:10     | Noticed a manticore
 11004 | D:10     | Offered knowledge of Dazzling Spray by Vehumet.
 11159 | D:10     | Noticed a red ugly thing
 11186 | D:10     | Killed a red ugly thing
 11328 | D:10     | Identified Acash's Collected Works on the Compass and
                  | Confrontation
 11418 | D:10     | Killed a manticore
 11418 | D:10     | Reached skill level 5 in Dodging
 11665 | D:10     | Identified the ring "Etuofeq" {rC+ rN+++ Str-2 Int+7}
 12110 | D:11     | Noticed Snorg
 12116 | D:11     | HP: 2/66 [Snorg (6)]
 12118 | D:11     | Killed Snorg
 12118 | D:11     | Reached XP level 12. HP: 3/71 MP: 8/24
 12740 | D:11     | Noticed a two-headed ogre
 12746 | D:11     | Killed a two-headed ogre
 12746 | D:11     | Reached skill level 11 in Earth Magic
 13663 | D:11     | Noticed a two-headed ogre
 13666 | D:11     | Killed a two-headed ogre
 13666 | D:11     | Reached ***** piety under Vehumet
 13923 | D:11     | Offered knowledge of Iskenderun's Mystic Blast by Vehumet.
 14304 | Lair:1   | Entered Level 1 of the Lair of Beasts
 15636 | Lair:2   | Noticed Nergalle
 15651 | Lair:2   | Killed Nergalle
 15651 | Lair:2   | Reached skill level 10 in Conjurations
 16242 | Lair:2   | Offered knowledge of Bolt of Magma by Vehumet.
 17006 | Lair:2   | Reached XP level 13. HP: 78/78 MP: 13/26
 17249 | Lair:2   | Found a large runed door.
 17249 | Lair:2   | Found a large runed door.
 17257 | Lair:2   | Noticed BingusPrime's ghost (journeyman OpAs)
 18410 | Lair:3   | Reached skill level 12 in Earth Magic
 19024 | Lair:3   | Found a staircase to the Swamp.
 19408 | Lair:4   | Found a hole to the Spider Nest.
 20086 | Lair:4   | Noticed Urug
 21199 | Lair:4   | Reached skill level 10 in Staves
 21570 | Lair:4   | Killed Urug
 21775 | Lair:4   | Noticed Josephine
 21869 | Lair:4   | Killed Josephine
 22252 | Lair:4   | Learned a level 5 spell: Bolt of Magma
 22536 | Lair:5   | Gained mutation: Your large and strong wings let you fly
                  | indefinitely. [Gargoyle growth]
 22536 | Lair:5   | Reached XP level 14. HP: 86/86 MP: 5/27
 22725 | Lair:2   | Got a jewelled leather armour
 22727 | Lair:2   | Got a crude dire flail
 23171 | Lair:5   | Reached skill level 10 in Spellcasting
 23848 | Lair:3   | Offered knowledge of Bolt of Draining by Vehumet.
 23907 | D:9      | Identified the +1 leather armour "Piniag" {Str+8 Dex-3
                  | SInv} (You found it on level 2 of the Lair of Beasts)
 23927 | D:9      | Identified the +9 dire flail of Contention {antimagic,
                  | Str+3 Dex+2} (You found it on level 2 of the Lair of
                  | Beasts)
 24123 | D:9      | Identified Sif Muna's Collected Works on Conjuration
 24541 | Lair:5   | Found a staircase to the Slime Pits.
 25252 | Lair:5   | Reached skill level 1 in Fire Magic
 25358 | Lair:6   | Entered Level 6 of the Lair of Beasts
 25363 | Lair:6   | Reached skill level 1 in Evocations
 26320 | Lair:6   | Reached skill level 13 in Earth Magic
 27230 | Lair:6   | Reached skill level 10 in Fighting
 29116 | Lair:6   | Reached XP level 15. HP: 83/92 MP: 9/29
 29498 | Lair:6   | Offered knowledge of Irradiate by Vehumet.
 30391 | D:12     | Found a staircase to the Orcish Mines.
 31649 | D:12     | Noticed Rupert
 31996 | D:12     | Reached skill level 5 in Fire Magic
 32114 | D:12     | Killed Rupert
 33063 | D:13     | Reached skill level 5 in Evocations
 33599 | D:13     | Learned a level 5 spell: Fireball
 33603 | D:13     | Learned a level 3 spell: Conjure Flame
 33608 | D:13     | Learned a level 4 spell: Sticky Flame
 34815 | D:14     | Got a scorched scythe
 34924 | D:14     | Noticed Nessos
 34946 | D:14     | Killed Nessos
 35439 | D:14     | Found a gate to the Vaults.
 35753 | D:14     | Found Itweceg's Antique Weapon Shop.
 36229 | D:9      | Identified the +11 scythe of the Gnat {venom, rPois} (You
                  | found it on level 14 of the Dungeon)
 36425 | D:15     | Entered Level 15 of the Dungeon
 36521 | D:15     | Reached XP level 16. HP: 99/99 MP: 16/30
 36527 | D:15     | Noticed Agnes
 36535 | D:15     | Killed Agnes
 37387 | D:15     | Reached skill level 14 in Earth Magic
 37661 | D:15     | Offered knowledge of Iron Shot by Vehumet.
 37966 | D:15     | Found a staircase to the Depths.
 38508 | D:15     | Reached skill level 1 in Shields
 38694 | D:15     | Noticed Louise
 40097 | D:15     | Killed Louise
 40469 | Orc:1    | Entered Level 1 of the Orcish Mines
 40597 | Orc:2    | Entered Level 2 of the Orcish Mines
 41326 | Orc:2    | Offered knowledge of Spellforged Servitor by Vehumet.
 42543 | Orc:1    | Noticed Gastronok
 42547 | Orc:1    | Killed Gastronok
 42631 | Orc:2    | Found Munirunk's Assorted Antiques.
 42804 | Orc:2    | Found a staircase to the Elven Halls.
 43224 | Orc:2    | Found a roughly hewn altar of Beogh.
 43308 | Orc:2    | Found Hupn's General Store.
 43309 | Orc:2    | Found Lipnap's Jewellery Boutique.
 43310 | Orc:2    | Found Bishi's Antique Armour Boutique.
 43310 | Orc:2    | Found Ryhiadgh's Antique Weapon Shop.
 43514 | Orc:2    | Bought a potion of heal wounds for 120 gold pieces
 43514 | Orc:2    | Bought a potion of heal wounds for 120 gold pieces
 43610 | Orc:2    | Bought a scroll of blinking for 90 gold pieces
 43610 | Orc:2    | Bought a scroll of teleportation for 36 gold pieces
 44189 | Elf:1    | Entered Level 1 of the Elven Halls
 44585 | Elf:1    | Reached XP level 17. HP: 104/104 MP: 23/32
 45211 | Elf:1    | Offered knowledge of Bolt of Fire by Vehumet.
 45621 | D:9      | Learned a level 6 spell: Bolt of Fire
 45872 | Elf:1    | Noticed Asterion
 46137 | Elf:1    | Killed Asterion
 47397 | Elf:1    | Found Vets's Jewellery Shoppe.
 48919 | Elf:2    | Found a runed gate.
 48919 | Elf:2    | Found a runed gate.
 48920 | Elf:2    | Found a runed gate.
 49295 | Elf:2    | Noticed a deep elf blademaster
 49337 | Elf:2    | Reached skill level 10 in Fire Magic
 50236 | Elf:2    | Killed a deep elf blademaster
 50577 | Elf:2    | Reached XP level 18. HP: 112/112 MP: 25/33
 51120 | Elf:3    | Entered Level 3 of the Elven Halls
 51126 | Elf:3    | Reached skill level 15 in Earth Magic
 52389 | Elf:3    | Reached skill level 10 in Dodging
 52415 | Elf:3    | Reached ****** piety under Vehumet
 52958 | Elf:3    | Reached skill level 10 in Evocations
 52961 | Elf:3    | Offered knowledge of Lehudib's Crystal Spear by Vehumet.
 52961 | Elf:3    | Offered knowledge of Fire Storm by Vehumet.
 52961 | Elf:3    | Offered knowledge of Glaciate by Vehumet.
 53204 | Elf:3    | Noticed a deep elf master archer
 53224 | Elf:3    | Killed a deep elf master archer
 53393 | Elf:3    | Noticed a deep elf master archer
 53395 | Elf:3    | Killed a deep elf master archer
 53404 | Elf:3    | Noticed a deep elf master archer
 53406 | Elf:3    | Killed a deep elf master archer
 53409 | Elf:3    | Identified the +3 eveningstar of Honour {elec, Stlth+}
 53413 | Elf:3    | Identified the +5 great mace "Idghaghi" {pain, rN+ MP+9
                  | Str-5 Dex+3}
 53717 | Elf:3    | Noticed a deep elf blademaster
 53720 | Elf:3    | Killed a deep elf blademaster
 53730 | Elf:3    | Identified the +9 short sword of Karma {venom, Fragile
                  | rPois Str+7 Dex+2}
 53740 | Elf:3    | Noticed a deep elf blademaster
 54106 | Elf:3    | Killed a deep elf blademaster
 54194 | Elf:3    | Noticed a deep elf master archer
 54194 | Elf:3    | Identified the ring of Mikun {rPois rN+ Dex+4}
 54197 | Elf:3    | Killed a deep elf master archer
 54618 | Elf:3    | Noticed a deep elf blademaster
 54621 | Elf:3    | Killed a deep elf blademaster
 54696 | Elf:3    | Reached XP level 19. HP: 68/118 MP: 7/35
 56022 | D:9      | Learned a level 8 spell: Lehudib's Crystal Spear
 56984 | Swamp:1  | Entered Level 1 of the Swamp
 57229 | Swamp:1  | Noticed Jorgrun
 57241 | Swamp:1  | Killed Jorgrun
 57753 | Swamp:1  | Identified Roxanne's Collected Works on Earth
 57753 | Swamp:1  | Noticed Roxanne
 58172 | Swamp:1  | Noticed Nikola
 58364 | Swamp:1  | Killed Nikola
 59086 | Swamp:1  | Got a slimy trident
 61791 | Swamp:4  | Entered Level 4 of the Swamp
 62522 | Swamp:4  | Reached skill level 16 in Earth Magic
 62851 | Swamp:4  | Reached XP level 20. HP: 125/125 MP: 6/36
 64113 | D:9      | Identified the cursed +2 trident "Geohesau" {pierce, rElec
                  | rPois rC- Stlth-} (You found it on level 1 of the Swamp)
 65093 | Swamp:4  | Got a decaying rune of Zot
 65394 | Spider:1 | Entered Level 1 of the Spider Nest
 66271 | D:9      | Learned a level 6 spell: Iron Shot
 68837 | Spider:3 | Noticed Azrael
 69069 | Spider:3 | Killed Azrael
 69369 | Spider:3 | Noticed Kirke
 69373 | Spider:3 | Killed Kirke
 70391 | Spider:3 | Found a roughly hewn altar of Beogh.
 70462 | Spider:4 | Entered Level 4 of the Spider Nest
 71310 | Spider:4 | Reached XP level 21. HP: 112/132 MP: 35/38
 71370 | Spider:4 | Reached skill level 15 in Conjurations
 73386 | Spider:4 | Got a gossamer rune of Zot
 74303 | Elf:3    | Identified the Tome of Enthralling Sinister Magic
 74471 | Elf:3    | Found the +6 shillelagh "Devastator" {shatter}
 74487 | Elf:3    | Learned a level 7 spell: Ring of Flames
 75051 | Lair:2   | Killed BingusPrime's ghost
 75057 | Lair:2   | Got a faintly glowing great sword
 75199 | D:9      | Identified the +9 great sword of Uncomfortable Rashes
                  | {holy, rF++ rC+ Str+2} (You found it on level 2 of the Lair
                  | of Beasts)
 75301 | Vaults:1 | Entered Level 1 of the Vaults
 75868 | Vaults:1 | Got a scorched great mace
 75993 | Vaults:1 | Reached skill level 1 in Charms
 77824 | Vaults:2 | Reached skill level 17 in Earth Magic
 78948 | Vaults:2 | Reached XP level 22. HP: 88/138 MP: 32/39
 79874 | Vaults:3 | Noticed Sojobo
 81091 | Vaults:3 | Noticed Mara
 81121 | Vaults:3 | Noticed Cryolive's illusion
 81274 | Vaults:3 | Killed Mara
 81635 | Vaults:3 | Reached skill level 15 in Fire Magic
 82165 | Vaults:2 | Killed from afar by Sojobo

Vault maps used:
D:1:      kilobyte_arrival_exit_the_forest
D:2:      bloody_makhleb, dancing_weapons_uskayaw, tso_altar, first_ration,
          uniq_natasha, uniq_terence
D:3:      nicolae_overflow_crystal_walls, lemuel_zombie_altar_yredelemnul,
          uniq_ijyb, uniq_robin, uniq_grinder
D:4:      wad_pebble_path, nicolae_ashenzari_panopticon,
          gammafunk_temple_overflow_wave, nicolae_gozag_seed_capital,
          kennysheep_path_1
D:5:      kennysheep_mini_moat
D:6:      minmay_temple_entry_statues_fountains, serial_shops,
          nicolae_shop_trees, st_stairs_7
D:7:      elyvilon_altar_4
D:8:      nicolae_qazlal_general_emergency, kennysheep_generic_room_16
D:9:      led_sif_book, lair_entry_dummy, grunt_pizzeria, minmay_lizard_king,
          uniq_erolcha
D:10:     minmay_the_grid_octo_tiled_squarecenter
D:11:     minivault_26, uniq_snorg
D:12:     orc_0_dummy, chequers_decorated_corner, uniq_rupert
D:14:     david_vaults_3, nrook_pool_corridor, serial_shops, shop_statue,
          uniq_nessos
D:15:     hangedman_depths_entry_civil_slaughter, minmay_misc_feat_hallway,
          serial_undead, serial_undead_b, serial_undead_f, serial_undead_c,
          serial_undead_d, uniq_louise, uniq_agnes
Temple:   compressed_dpeg_triangle_lava_temple
Lair:1:   lemuel_ratsnest, grunt_megastairs_4
Lair:2:   ebering_ghost_disaster_area, minmay_lindwurm_lava, grunt_megastairs_3,
          serial_bayou_shore_a, uniq_nergalle
Lair:3:   minmay_swamp_entry_worms
Lair:4:   spider_nest_entry_a, st_stairs_10, kennysheep_basilisk_garden,
          lemuel_fruit_tree, uniq_urug, uniq_josephine
Lair:5:   cheibrodos_lair_overgrown_chateau, nicolae_slime_entry_slimehenge,
          minivault_19
Lair:6:   evilmike_catoblepas_cave
Swamp:1:  evilmike_swamp_ruin_house_4, uniq_nikola, uniq_jorgrun, uniq_roxanne
Swamp:2:  hangedman_swamp_diagram, swamp_pool1, infiniplex_staircase_pool
Swamp:3:  hangedman_swamp_cone
Swamp:4:  swamp_alternative, swamp_pool1
Spider:3: nicolae_spider_mines_2, uniq_azrael, uniq_kirke
Spider:4: grunt_spider_rune_circles, nicolae_spider_cling_ruins
Orc:1:    nooodl_orcs_dogs, uniq_gastronok
Orc:2:    st_orc_congregation, serial_shops, shop, minmay_orc_temple_b
Elf:1:    eino_elf_arrival_the_gate, serial_shops, shop_statue, minivault_28,
          uniq_asterion
Elf:3:    nooodl_elf_gasket
Vaults:1: nicolae_vaults_angled_halls, nicolae_vaults_network_barrier,
          v_alt_pattern_3, ontoclasm_vaults_pinch, nicolae_vaults_asterisk,
          nicolae_vaults_windows_and_doors_thing, vaults_room_pools,
          vaults_room_pool
Vaults:2: vaults_room_door_hall, hangedman_vaults_pinch, v_misc_28,
          nicolae_vaults_yaktaur_gun_rack, ontoclasm_vaults_tryst,
          v_alt_pattern_2, vaults_room_fours, ontoclasm_vaults_ring_small,
          vaults_room_pool
Vaults:3: vaults_mumra_minichess_inversion, v_rooms_1, v_misc_5,
          vaults_room_grunt_arrival_checkpoint, vaults_room_stairs_pillars,
          minmay_crypt_entry_necro_gods, v_misc_18,
          nicolae_vaults_three_branches, nicolae_vaults_little_squares_1,
          nicolae_vaults_shelves_hall, nicolae_vaults_murderbox, uniq_mara,
          uniq_sojobo

Skill      XL: |  1  2  3  4  5  6  7  8  9 10 11 12 13 14 15 16 17 18 19 20 21 22 |
---------------+-------------------------------------------------------------------+-----
Earth Magic    | 4 5 6 7 8 9 10 11 12 13 14 15 16 17 | 17.3
Spellcasting   | 3 4 5 6 7 8 9 10 11 12 13 | 13.7
Conjurations   | 1 2 3 5 6 7 8 9 10 11 12 13 14 15 | 15.7
Fighting       | 1 3 5 6 8 9 10 11 12 13 14 | 14.7
Armour         | 1 3 5 6 |  6.0
Staves         | 1 3 4 6 8 10 11 12 | 12.0
Dodging        | 2 3 4 5 6 7 8 9 10 11 | 11.9
Fire Magic     | 4 6 8 10 11 12 13 14 15 | 15.0
Evocations     | 3 6 7 9 10 11 12 13 | 13.9
Shields        | 3 4 |  4.0
Charms         | 2 3 |  3.7
Stealth        | |  2.1
Transmutations | |  0.7

Action                   |  1- 3 |  4- 6 |  7- 9 | 10-12 | 13-15 | 16-18 | 19-21 | 22-24 || total
-------------------------+-------+-------+-------+-------+-------+-------+-------+-------++-------
Melee: Club              |    84 |   113 |       |       |       |       |       |       ||   197
       Unarmed           |     4 |       |       |       |       |       |       |       ||     4
       Flail             |       |    27 |    48 |       |       |       |       |       ||    75
       Dire flail        |       |       |    93 |    78 |       |       |       |       ||   171
       Staff             |       |       |       |   177 |   129 |   192 |   804 |    20 ||  1322
 Cast: Sandblast         |    21 |    35 |    29 |    72 |    29 |    46 |     5 |       ||   237
       Stone Arrow       |       |    11 |    98 |   135 |   352 |    58 |       |       ||   654
       Lee's Rapid Decon |       |     2 |    14 |   101 |   168 |   131 |   112 |    11 ||   539
       Bolt of Magma     |       |       |       |       |    95 |   103 |       |       ||   198
       Fireball          |       |       |       |       |    17 |   121 |   145 |    23 ||   306
       Conjure Flame     |       |       |       |       |     3 |     6 |       |     1 ||    10
       Sticky Flame      |       |       |       |       |     1 |     2 |     1 |       ||     4
       Bolt of Fire      |       |       |       |       |       |   115 |   260 |    67 ||   442
       Lehudib's Crystal |       |       |       |       |       |       |    38 |    18 ||    56
       Iron Shot         |       |       |       |       |       |       |    91 |     8 ||    99
       Ring of Flames    |       |       |       |       |       |       |       |     2 ||     2
 Abil: Fly               |       |       |       |       |     1 |       |     1 |       ||     2
       Stop Flying       |       |       |       |       |       |       |     1 |     1 ||     2
  Use: Scroll            |       |     1 |     8 |     7 |    14 |     8 |    26 |     2 ||    66
       Potion            |       |       |       |       |     8 |     5 |     6 |     3 ||    22
 Stab: Sleeping          |     2 |     4 |       |       |       |       |       |       ||     6
  Eat: Ration            |     1 |       |     1 |       |     1 |     2 |     8 |       ||    13
       Chunk             |       |     8 |    28 |    43 |    81 |    80 |   112 |    20 ||   372
Armor: Robe              |    55 |    56 |    83 |   134 |   127 |   120 |   647 |    35 ||  1257
Dodge: Dodged            |   110 |   115 |   142 |   218 |   187 |   194 |   873 |    57 ||  1896
Block: Buckler           |       |       |       |       |       |    42 |   240 |    18 ||   300

Table legend:
 A = Non-vault XP
 B = Vault XP
 C = Vault XP percentage of total XP
 D = Non-vault monster count
 E = Vault monster count
 F = Vault count percentage of total count
                 A         B        C        D         E       F
            +---------+---------+-------+---------+---------+-------
      Total |  362744 |  290402 |  44.5 |    1111 |     563 |  33.6
            +---------+---------+-------+---------+---------+-------
        D:1 |      40 |       0 |   0.0 |      20 |       0 |   0.0
        D:2 |     173 |      73 |  29.7 |      36 |       2 |   5.3
        D:3 |       9 |     320 |  97.3 |       4 |      11 |  73.3
        D:4 |     111 |       0 |   0.0 |      11 |       0 |   0.0
        D:5 |     571 |       0 |   0.0 |      11 |       0 |   0.0
        D:6 |     339 |      34 |   9.1 |      14 |       2 |  12.5
        D:7 |     525 |       0 |   0.0 |      15 |       0 |   0.0
        D:8 |    1314 |       0 |   0.0 |      30 |       0 |   0.0
        D:9 |    1666 |    1499 |  47.4 |      42 |      15 |  26.3
       D:10 |    5535 |    5082 |  47.9 |      24 |      29 |  54.7
       D:11 |    6749 |    1129 |  14.3 |      42 |       1 |   2.3
       D:12 |   10226 |    3072 |  23.1 |      37 |       2 |   5.1
       D:13 |    7047 |       0 |   0.0 |      30 |       0 |   0.0
       D:14 |    8844 |    6844 |  43.6 |      23 |      19 |  45.2
       D:15 |   10102 |   15425 |  60.4 |      31 |      20 |  39.2
     Lair:1 |    2076 |     607 |  22.6 |      12 |      40 |  76.9
     Lair:2 |    2649 |    5154 |  66.1 |      11 |      10 |  47.6
     Lair:3 |    6423 |     509 |   7.3 |      24 |       2 |   7.7
     Lair:4 |    5425 |    4920 |  47.6 |      21 |      16 |  43.2
     Lair:5 |    9283 |    5473 |  37.1 |      27 |      24 |  47.1
     Lair:6 |   13011 |   11501 |  46.9 |      35 |      22 |  38.6
    Swamp:1 |   14361 |    7017 |  32.8 |      32 |       2 |   5.9
    Swamp:2 |   13205 |       0 |   0.0 |      30 |       0 |   0.0
    Swamp:3 |    9448 |     748 |   7.3 |      32 |       1 |   3.0
    Swamp:4 |   21064 |   19473 |  48.0 |      53 |      27 |  33.8
   Spider:1 |   18055 |       0 |   0.0 |      50 |       0 |   0.0
   Spider:2 |   22504 |     739 |   3.2 |      53 |       4 |   7.0
   Spider:3 |   11890 |    8647 |  42.1 |      35 |      18 |  34.0
   Spider:4 |   18046 |   23418 |  56.5 |      47 |      38 |  44.7
      Orc:1 |    3640 |    7510 |  67.4 |      27 |      25 |  48.1
      Orc:2 |    2269 |    8230 |  78.4 |      27 |      75 |  73.5
      Elf:1 |   24716 |   11715 |  32.2 |      37 |      16 |  30.2
      Elf:2 |    9493 |   27071 |  74.0 |      13 |      32 |  71.1
      Elf:3 |   27315 |   65996 |  70.7 |      37 |      43 |  53.8
   Vaults:1 |   12376 |   10862 |  46.7 |      21 |      17 |  44.7
   Vaults:2 |   36764 |   18883 |  33.9 |      66 |      35 |  34.7
   Vaults:3 |   25480 |   18451 |  42.0 |      51 |      15 |  22.7
            +---------+---------+-------+---------+---------+-------
